 Dungeon Crawl Stone Soup version 0.28.0-45-g0d030f2227 (webtiles) character file.

Game seed: 5108361887363175249

78 pkoi the Ruffian (level 3, -1/29 HPs)
             Began as a Demigod Gladiator on Apr 21, 2022.
             Slain by a goblin
             ... wielding a +0 club
             ... led by Robin
              (5 damage)
             ... on level 2 of the Dungeon.
             The game lasted 00:01:25 (1905 turns).

pkoi the Ruffian (Demigod Gladiator)                Turns: 1905, Time: 00:01:26

Health: -1/29      AC:  4    Str: 19    XL:     3   Next: 94%
Magic:  5/5        EV: 12    Int: 10    God:
Gold:   98         SH:  0    Dex: 15    Spells: 2/2 levels left

rFire   . . .      SeeInvis .     - Unarmed
rCold   . . .      Faith    .   (no shield)
rNeg    . . .      Spirit   .   a - +0 leather armour
rPois   .          Reflect  .   b - +0 helmet
rElec   .          Harm     .   (no cloak)
rCorr   .          Rampage  .   (no gloves)
Will    .....                   (no boots)
Stlth   +.........              (no amulet)
HPRegen 0.09/turn               (no ring)
MPRegen 0.09/turn               (no ring)

@: no status effects
A: high MP 1, forlorn, divine attributes
a: no special abilities


You were on level 2 of the Dungeon.
You visited 1 branch of the dungeon, and saw 2 of its levels.

You collected 98 gold pieces.

Inventory:

Hand Weapons
 f - a +0 dagger
Missiles
 c - 3 throwing nets (quivered)
Armour
 a - a +0 leather armour (worn)
 b - a +0 helmet (worn)
Scrolls
 d - 4 scrolls of magic mapping {unknown}
 e - a scroll of fog {unknown}
 g - 2 scrolls of identify {unknown}
 h - a scroll of amnesia {unknown}
Potions
 i - 2 potions of curing {unknown}
 j - a potion of degeneration {unknown}


   Skills:
 - Level 1.7 Fighting
 - Level 1.7 Throwing
 - Level 2.6 Dodging
 + Level 4.6 Unarmed Combat


You had 2 spell levels left.
You didn't know any spells.
Your spell library contained the following spells:

 Spells                   Type           Power      Damage    Failure   Level
 Dazzling Flash           Conj/Hex       0%         N/A       80%         3
 Iskenderun's Mystic Bla  Conj/Tloc      0%         2d3       99%         4
 Starburst                Conj/Fire      0%         6d3       100%        6


Dungeon Overview and Level Annotations

Branches:
Dungeon (2/15)

Annotations:
D:2 Robin


Innate Abilities, Weirdness & Mutations

You have an increased reservoir of magic. (+10% MP)
You shall have no god before yourself.
Your divine heritage dramatically boosts your attributes as you level up.


Message History

You feel sick.
Things that are here:
9 gold pieces; 11 stones
Okay, then.
You feel sick.
You feel sick.
You feel sick.
You hit the goblin.
You kill the goblin!
You feel sick.
You are no longer poisoned.
The goblin hits you but does no damage.
Robin roars a battlecry!
The goblins go into a battle-frenzy!
Things that are here:
a +0 dagger; a goblin corpse You hit the goblin.
You kill the goblin!
You hit the goblin.
The goblin is severely wounded.
The goblin hits you with a +0 club.
* * * LOW HITPOINT WARNING * * *
You barely miss the goblin.
The goblin is severely wounded.
You barely miss the goblin.
The goblin is severely wounded.
The goblin barely misses you.
Robin points. "Kill!"
Robin throws the goblin at you!
Unknown command.
You hit the goblin but do no damage. The goblin hits you with a +0 club.
* * * LOW HITPOINT WARNING * * *
The goblin hits you but does no damage.
You barely miss the goblin. The goblin misses you.
The goblin hits you with a +0 club.
* * * LOW HITPOINT WARNING * * *
You barely miss the goblin. The goblin hits you with a +0 club.
* * * LOW HITPOINT WARNING * * *
The goblin hits you with a +0 club.
You die...

#.# #.........(.## #.#
#....######.# #.# #.##.#
#.# #.# #.##.# #.# #$#
#.##.# #.# #.# #.##.#
####.# #.# #.##.###....#
#.####g#######.##.##.....##
#..)).gggg@g......#.......#
#.g##############.........#
#. #........####.......# gg
#........# ##....... #g
#..####..# ##...### # #.†#
#..# ##..# #..# #..# #..#
#..####..# #..# #........#
#..#


You could see Robin, 2 hobgoblins and 3 goblins.

Vanquished Creatures
  Jessica (D:2)
  A dart slug (D:1)
  3 ball pythons
  4 bats
  4 endoplasms
  2 giant cockroaches (D:1)
  11 goblins
  4 hobgoblins
  4 jackals (D:1)
  A quokka (D:1)
  3 frilled lizards (D:2)
  A kobold (D:2)
  6 rats (D:1)
45 creatures vanquished.

Notes
Turn   | Place    | Note
-------+----------+-------------------------------------------
     0 | D:1      | pkoi the Demigod Gladiator began the quest for the Orb.
     0 | D:1      | Reached XP level 1. HP: 17/17 MP: 3/3
    76 | D:1      | Reached skill level 3 in Unarmed Combat
   224 | D:1      | Reached XP level 2. HP: 24/24 MP: 4/4
   879 | D:1      | Reached XP level 3. HP: 26/29 MP: 5/5
  1112 | D:1      | Reached skill level 4 in Unarmed Combat
  1486 | D:2      | Noticed Jessica
  1493 | D:2      | Killed Jessica
  1889 | D:2      | Noticed Robin
  1905 | D:2      | Slain by a goblin

Illustrated notes

Levels and vault maps discovered:
D:1:      saegor_arrival_fortress, layout_basic
D:2:      layout_loops_ring, hellmonk_ecumenical_altar_blasted,
          kennysheep_generic_room_6, uniq_jessica, uniq_robin

Skill      XL: |  1  2  3 |
---------------+----------+-----
Unarmed Combat | 3 4 |  4.6
Fighting       | |  1.7
Throwing       | |  1.7
Dodging        | |  2.6

Action                   || total
-------------------------++-------
Melee: Unarmed           ||   153
       Punch             ||     4
       Dagger            ||     7
Armor: Leather armour    ||    36
Dodge: Dodged            ||    90
